 Dungeon Crawl Stone Soup version 0.26-a0-663-g36e8fdb655 (webtiles) character file.

Game seed: 81111154828862185

1855 jasper the Carver (level 8, -15/67 HPs)
             Began as a Palentonga Fighter on Oct 12, 2020.
             Was a Believer of Uskayaw.
             Demolished by an orc
             ... wielding a +2 short sword of electrocution
              (19 damage)
             ... on level 7 of the Dungeon on Oct 13, 2020.
             The game lasted 00:09:19 (5813 turns).

jasper the Carver (Palentonga Fighter)              Turns: 5813, Time: 00:09:20

Health: -15/67     AC: 11    Str: 22    XL:     8   Next: 89%
Magic:  8/8        EV:  7    Int:  8    God:    Uskayaw [**....]
Gold:   87         SH:  4    Dex: 10    Spells: 7/7 levels left

rFire    + . .     SeeInvis +   n - +4 dagger
rCold    . . .     Faith    .   m - +0 buckler
rNeg     . . .     Spirit   .   b - +0 scale mail
rPois    .         Reflect  .   x - +0 helmet
rElec    .         Harm     .   (no cloak)
rCorr    .         Rampage  .   (no gloves)
MR       .....                  (no barding)
Stlth    ..........             (no amulet)
HPRegen  0.21/turn              d - ring of protection from fire (curse)
MPRegen  0.11/turn              D - +4 ring of protection

@: no status effects
A: large, rugged brown scales 3, see invisible, deformed body, roll, armoured
tail
a: Rolling Charge, Stomp, Line Pass, Renounce Religion


You were on level 7 of the Dungeon.
You worshipped Uskayaw.
Uskayaw was noncommittal.
You visited 2 branches of the dungeon, and saw 8 of its levels.

You collected 311 gold pieces.
You spent 224 gold pieces at shops.

Inventory:

Hand Weapons
 a - a +0 long sword
 n - a +4 dagger (weapon)
Missiles
 e - 219 stones (quivered)
 o - 9 boomerangs
Armour
 b - a +0 scale mail (worn)
 c - a +0 kite shield
 m - a +0 buckler (worn)
 p - a +0 chain mail
 x - a +0 helmet (worn)
Jewellery
 d - a cursed ring of protection from fire (left hand)
 D - a +4 ring of protection (right hand)
Wands
 f - a wand of enslavement (9)
 z - a wand of flame (21)
Scrolls
 k - 2 scrolls of teleportation
 r - a scroll of enchant weapon {unknown}
 s - 2 scrolls of fear {unknown}
 w - 3 scrolls of remove curse {unknown}
 y - a scroll of blinking {unknown}
 C - a scroll of immolation {unknown}
Potions
 g - 4 potions of stabbing
 h - 2 potions of ambrosia
 i - a potion of brilliance
 j - 4 potions of curing
 l - a potion of cancellation
 q - 3 potions of flight {unknown}
 u - 2 potions of resistance {unknown}
 v - 2 potions of haste
 B - 2 potions of degeneration {unknown}


   Skills:
 - Level 3.0 Fighting
 + Level 11.5 Long Blades
 - Level 2.4 Armour
 - Level 2.4 Shields


You had 7 spell levels left.
You didn't know any spells.
Your spell library contained the following spells:

 Spells                   Type           Power        Failure   Level
 Confusing Touch          Hex            #.......     98%         3
 Gell's Gravitas          Tloc           #.........   98%         3
 Petrify                  Tmut/Erth      #.......     100%        4
 Metabolic Englaciation   Hex/Ice        #.........   100%        5
 Yara's Violent Unravell  Hex/Tmut       #.........   100%        5


Dungeon Overview and Level Annotations

Branches:
Dungeon (7/15)             Temple (1/1) D:7

Altars:
Ashenzari
Cheibriados
Dithmenos
Elyvilon
Fedhas
Gozag
Hepliaklqana
Kikubaaqudgha
Makhleb
Nemelex Xobeh
Qazlal
Ru
Sif Muna
Trog
Uskayaw
Vehumet
Wu Jian
Xom
Yredelemnul
The Shining One

Shops:
D:4 (   D:7 !

Annotations:
D:5 3 runed translucent doors, ALWAYSlose's ghost, amateur DsGl


Innate Abilities, Weirdness & Mutations

You are completely covered in rugged brown scales. (AC +3, +7% HP)
You have supernaturally acute eyesight. (SInv)
Armour fits poorly on your strangely shaped body.
You can roll at foes to attack.
You have a long armoured tail.


Message History

You hit the orc.
You kill the orc!
You block the orc's attack.
You can now pass through a line of other dancers.
You hit the orc.
The orc is moderately wounded.
The orc warrior completely misses you.
You hit the orc. You tail-slap the orc.
The orc is severely wounded.
The orc closely misses you.
You barely miss the orc. You tail-slap the orc.
You kill the orc!
The orc hits you but does no damage.
You are electrocuted!!
* * * LOW HITPOINT WARNING * * *
The orc warrior hits you from afar with a +0 glaive!
* * * LOW HITPOINT WARNING * * *
You take 35 damage, and have 4/67 hp.
MASSIVE DAMAGE!!
You closely miss the orc. The orc hits you but does no damage.
You are electrocuted!!
You die...

*,,,,,,* #....# *,,,,,,* #....#
***** *,,,,,,* #....### *,,,*
*,,,,,,* #......#
*,,,***,,.,,,**##########......##
+>,,+,+,,...,+,..................
*,,,***,,....#######...###.######
*,,,***,,......o)..+...+.........
*,,,,,,,,*+*#.o)@......####.#####
*,**,*,,,,,#..#...#....# #..#
*,**,*,*,*#.,*#.⌠.##...# ##.#
*,**,*,*,#,,*#.....##..#***#.##
*,**,*,*,..*#..#.#..##...,,#..#
*,**,*,*##....##.##....###,##.#
*,**,*,*.....##...##...# *,*#.##
,,**,*,*,#.⌠....>....⌠.# *,*#..#
****,*,*.#...##...##...# *,*##.##


You could see an orc warrior and an orc.

Vanquished Creatures
  3 gargoyles (D:7)
  Edmund (D:4)
  An ice beast (D:7)
  A sky beast (D:4)
  2 centaurs
  Blork the orc (D:5)
  2 howler monkeys
  A quasit (D:5)
  A hound (D:6)
  A bullfrog skeleton (D:4)
  An iguana (D:6)
  An orc wizard (D:5)
  A hound skeleton (D:4)
  A howler monkey skeleton (D:4)
  6 adders
  10 gnolls
  An ooze (D:6)
  2 worms (D:2)
  A leopard gecko (D:1)
  16 orcs
  11 bats
  8 giant cockroaches
  10 goblins
  7 hobgoblins
  8 jackals
  2 quokkas
  6 frilled lizards (D:1)
  A jackal skeleton (D:5)
  9 kobolds
  A quokka skeleton (D:7)
  3 rats
120 creatures vanquished.

Notes
Turn   | Place    | Note
-------+----------+-------------------------------------------
     0 | D:1      | jasper the Palentonga Fighter began the quest for the Orb.
     0 | D:1      | Reached XP level 1. HP: 20/20 MP: 1/1
   138 | D:1      | Reached XP level 2. HP: 27/27 MP: 2/2
   147 | D:1      | Reached skill level 3 in Long Blades
   365 | D:3      | Reached XP level 3. HP: 27/33 MP: 3/3
   578 | D:4      | Found Korphur's Weapon Emporium.
   580 | D:4      | Noticed Edmund
   592 | D:4      | Killed Edmund
   592 | D:4      | Reached skill level 5 in Long Blades
   592 | D:4      | Reached XP level 4. HP: 18/40 MP: 4/4
   592 | D:4      | Reached XP level 5. HP: 21/48 MP: 5/5
   863 | D:5      | Entered Level 5 of the Dungeon
   981 | D:5      | Noticed a centaur
   984 | D:5      | Killed a centaur
   984 | D:5      | Reached skill level 6 in Long Blades
  1129 | D:5      | Found a basalt altar of Yredelemnul.
  1193 | D:5      | Reached XP level 6. HP: 54/54 MP: 6/6
  1316 | D:5      | Noticed Blork the orc
  1334 | D:5      | Killed Blork the orc
  1334 | D:5      | Reached skill level 7 in Long Blades
  1465 | D:5      | Found a runed translucent gate.
  1466 | D:5      | Found a runed translucent gate.
  1563 | D:5      | Found a runed translucent gate.
  1563 | D:5      | Noticed ALWAYSlose's ghost (amateur DsGl)
  1843 | D:5      | Found a white marble altar of Elyvilon.
  2023 | D:6      | Reached XP level 7. HP: 34/60 MP: 7/7
  2343 | D:6      | Reached skill level 8 in Long Blades
  2360 | D:6      | Found a bloodstained altar of Trog.
  2578 | D:7      | Found an ancient bone altar of Kikubaaqudgha.
  2624 | D:7      | Found a staircase to the Ecumenical Temple.
  2633 | Temple   | Entered the Ecumenical Temple
  2693 | Temple   | Became a worshipper of Uskayaw the Reveler
  3025 | D:2      | Reached * piety under Uskayaw
  3046 | D:1      | Reached ** piety under Uskayaw
  4465 | D:4      | Reached *** piety under Uskayaw
  4868 | D:7      | Noticed a gargoyle
  4878 | D:7      | Killed a gargoyle
  4878 | D:7      | Reached skill level 9 in Long Blades
  4878 | D:7      | Reached XP level 8. HP: 35/67 MP: 8/8
  5036 | D:7      | Noticed a gargoyle
  5038 | D:7      | Noticed a gargoyle
  5049 | D:7      | Killed a gargoyle
  5049 | D:7      | Reached skill level 10 in Long Blades
  5051 | D:7      | Killed a gargoyle
  5051 | D:7      | Reached skill level 11 in Long Blades
  5051 | D:7      | Reached **** piety under Uskayaw
  5366 | D:7      | Found an ancient bone altar of Kikubaaqudgha.
  5698 | D:7      | Found a sparkling altar of Nemelex Xobeh.
  5698 | D:7      | Found a radiant altar of Vehumet.
  5699 | D:7      | Found a shimmering blue altar of Sif Muna.
  5772 | D:7      | Found Omifum's Distillery.
  5783 | D:7      | Bought a potion of haste for 160 gold pieces
  5783 | D:7      | Bought a potion of brilliance for 64 gold pieces
  5813 | D:7      | Demolished by an orc

Illustrated notes

Levels and vault maps discovered:
D:1:      minmay_arrival_radiant_lines, layout_loops_ring
D:2:      layout_loops_ring
D:3:      layout_basic
D:4:      layout_cave_pools, serial_shops, shop, uniq_edmund
D:5:      layout_loops_ring, kennysheep_ying_yang, ebering_ghost_rock_garden,
          uniq_blork_the_orc
D:6:      layout_gridville, trog_three_pillars_becter
D:7:      cheibrodos_statue_roulette, layout_basic,
          gammafunk_temple_overflow_claw, overflow_temple_1_default,
          minmay_temple_entry_waves, serial_shops, shop, basic_altar
Temple:   dshaligram_water_room_temple

Skill      XL: |  1  2  3  4  5  6  7  8 |
---------------+-------------------------+-----
Long Blades    | 3 5 6 7 9 11 | 11.5
Fighting       | |  3.0
Armour         | |  2.4
Shields        | |  2.4

Action                   |  1- 3 |  4- 6 |  7- 9 || total
-------------------------+-------+-------+-------++-------
Melee: Long sword        |    80 |   100 |   157 ||   337
       Tailslap          |     7 |     9 |    25 ||    41
       Dagger            |       |       |    38 ||    38
Throw: Stone             |     4 |     4 |     9 ||    17
 Abil: Rolling Charge    |    17 |    14 |    28 ||    59
  Use: Potion            |     1 |     1 |     3 ||     5
       Scroll            |       |       |     7 ||     7
 Stab: Paralysed         |       |       |     4 ||     4
Armor: Scale mail        |    43 |    64 |    74 ||   181
Dodge: Dodged            |    23 |    49 |    56 ||   128
Block: Kite shield       |    29 |       |       ||    29
       Buckler           |     4 |    23 |    28 ||    55
       Rpst.: Long sword |     5 |    11 |    18 ||    34

Table legend: (Time is in decaauts)
 A = Elapsed time spent in this place.
 B = Non-inter-level travel time spent in this place.
 C = Inter-level travel time spent in this place.
 D = Time resting spent in this place.
 E = Time spent auto-exploring this place.
 F = Levels seen in this place.
 G = Mean time per level.
                   A        B        C        D        E       F      G
               +--------+--------+--------+--------+--------+-----+--------+
         Total |   5829 |   5376 |    453 |    299 |   4334 |   8 |  728.6 |
       Dungeon |   5756 |   5316 |    440 |    299 |   4277 |   7 |  822.3 |
        Temple |     73 |     60 |     13 |      0 |     57 |   1 |   73.0 |
               +--------+--------+--------+--------+--------+-----+--------+

Top non-repeatable levels by time:
     D:5: 1092 daAuts
     D:3: 976 daAuts
     D:6: 954 daAuts
     D:7: 784 daAuts
     D:4: 662 daAuts
     D:1: 653 daAuts
     D:2: 631 daAuts
  Temple: 73 daAuts
